 Dungeon Crawl Stone Soup version 0.30.1-3-gfc49f6343a (webtiles) character file.

Game seed: 4162032765839232645

32 cdecastro the Caller (level 3, -2/24 HPs)
             Began as a Merfolk Summoner on Aug 2, 2023.
             Slain by a sleepcap (21 damage)
             ... on level 2 of the Dungeon.
             The game lasted 00:01:30 (897 turns).

cdecastro the Caller (Merfolk Summoner)              Turns: 897, Time: 00:01:31

Health: -2/24      AC:  2    Str:  8    XL:     3   Next: 25%
Magic:  6/6        EV:  2    Int: 16    God:
Gold:   85         SH:  0    Dex: 14    Spells: 0/6 levels left

rFire   . . .        d - +0 dagger
rCold   . . .        (no shield)
rNeg    . . .        a - +0 robe
rPois   .            (no helmet)
rElec   .            (no cloak)
rCorr   .            (no gloves)
SInv    .            (no boots)
Will    .....        (no amulet)
Stlth   ++           (no ring)
HPRegen 0.24/turn    (no ring)
MPRegen 0.10/turn

%: no passive effects
@: sleeping
A: (nimble swimmer 2), mertail
a: no special abilities


You were on level 2 of the Dungeon.
You visited 1 branch of the dungeon, and saw 2 of its levels.

You collected 85 gold pieces.

Inventory:

Hand Weapons
 d - a +0 dagger (weapon)
Missiles
 g - 5 boomerangs
Armour
 a - a +0 robe (worn)
Scrolls
 c - 2 scrolls of identify {unknown}
 e - a scroll of acquirement {unknown}
 h - a scroll of blinking {unknown}
Potions
 b - a potion of magic
 f - a potion of curing {unknown}


   Skills:
 - Level 2.6 Dodging
 - Level 2.1 Stealth
 - Level 2.0 Spellcasting
 + Level 5.0 Summonings


You couldn't memorise any spells.
You knew the following spells:

 Your Spells              Type           Power      Damage    Failure   Level
a - Summon Small Mammal   Summ           68%        N/A       2%          1
b - Call Imp              Summ           34%        N/A       4%          2
c - Call Canine Familiar  Summ           17%        N/A       8%          3

Your spell library contained the following spells:

 Spells                   Type           Power      Damage    Failure   Level
 Summon Guardian Golem    Hex/Summ       9%         N/A       22%         3
 Summon Lightning Spire   Summ/Air       9%         N/A       58%         4


Dungeon Overview and Level Annotations

Branches:
Dungeon (2/15)

Altars:


Innate Abilities, Weirdness & Mutations

((You are very nimble when in or above water. (Stealth+, EV+, Speed+++)))
Your lower body shifts to a powerful aquatic tail in water.


Message History

You finish memorising.
Spell assigned to 'b'.
This spell is quite dangerous to cast!
Memorise Call Canine Familiar, consuming 3 spell levels and leaving 0?
You start memorising the spell.
You continue memorising. x3
You finish memorising.
Spell assigned to 'c'.
Your quokka disappears in a puff of smoke!
HP restored.
Found a plate armour.
Found a stone staircase leading down.
A giant cockroach comes into view.
A giant cockroach is nearby!
A giant cockroach is nearby!
You closely miss the giant cockroach.
The giant cockroach bites you but does no damage.
Your rat barely misses the giant cockroach.
A goblin comes into view. It is wielding a +0 club.
Your rat bites the giant cockroach.
You hit the giant cockroach.
You kill the giant cockroach!
Your rat barely misses the goblin.
You hit the goblin.
The goblin is heavily wounded.
Your rat closely misses the goblin.
The goblin misses you.
Your rat bites the goblin.
The goblin dies!
No target in view!
No target in view!
You swap places.
A sleepcap comes into view.
Items here: $ ) ††.
Your rat bites the sleepcap but does no damage. x2
You hit the sleepcap but do no damage.
You punch the sleepcap, but do no damage.
Your rat disappears in a puff of smoke!
The sleepcap releases spores at you.
You are engulfed in a cloud of soporific spores!
You fall asleep.
Your rat bites the sleepcap but does no damage.
The sleepcap releases spores at you!!
Ouch! That really hurt!
You die...

#####.###.##.###
.#... #.#......# #
.... #†#.#.######
#... ###.....#...##
#... #...........##
#...####.###.###...##
#...#......#.# ##.###
####...#.##.#.#.#
#.##.
.......@......#.#
#.##.
.......fr.###.#.#
#.... ......>.§.#
.#.# ####.
####...#.## #. #.
#...#.. ## #.[.###.
#... . #... ~ ##
#.##.


You could see a sleepcap (ally target) and a friendly rat (summoned).

Vanquished Creatures
  An adder (D:2)
  A giant cockroach (D:2)
  A ball python (D:2)
  A frilled lizard (D:1)
4 creatures vanquished.

Vanquished Creatures (collateral kills)
  An adder (D:2)
  A ball python (D:1)
  An endoplasm (D:1)
  3 goblins
  A hobgoblin (D:1)
  2 kobolds (D:1)
9 creatures vanquished.

Grand Total: 13 creatures vanquished

Notes
Turn   | Place    | Note
-------+----------+-------------------------------------------
     0 | D:1      | cdecastro the Merfolk Summoner began the quest for the Orb.
     0 | D:1      | Reached XP level 1. HP: 13/13 MP: 3/3
   434 | D:1      | Reached XP level 2. HP: 19/19 MP: 1/5
   821 | D:2      | Reached skill level 5 in Summonings
   821 | D:2      | Reached XP level 3. HP: 14/24 MP: 6/6
   826 | D:2      | Learned a level 2 spell: Call Imp
   830 | D:2      | Learned a level 3 spell: Call Canine Familiar
   897 | D:2      | Slain by a sleepcap

Illustrated notes

Levels and vault maps discovered:
D:1:      ncdulo_halloftheorcs, layout_rooms, serial_bayou_lagoon_a
D:2:      layout_loops_cross, nicolae_ecumenical_snake_handling, serial_shops,
          shop, chequers_serial_rivers_micro_a, minmay_misc_feat_square,
          palyth_stone_intersect, kennysheep_decorative_pillar,
          nicolae_nh_oracle_at_delphi

Skill      XL: |  1  2 |
---------------+-------+-----
Summonings     | 5 |  5.0
Dodging        | |  2.6
Stealth        | |  2.1
Spellcasting   | |  2.0

Action                     || total
---------------------------++-------
  Melee: Dagger            ||    26
         Unarmed           ||     1
         Punch             ||     1
   Cast: Summon Small Mamm ||    19
 Armour: Robe              ||     2
  Dodge: Dodged            ||     9
